 Dungeon Crawl Stone Soup version 0.30.0-3-ga4e48a9924 (webtiles) character file.

Game seed: 2199391030293636191

42223 SnakkuSnakku7 the Nimble (level 14, -8/110 (119) HPs)
             Began as a Merfolk Reaver on May 7, 2023.
             Was the Champion of Lugonu.
             Killed from afar by a necromancer (36 damage)
             ... with a bolt of negative energy
             ... in an ice cave.
             The game lasted 00:27:51 (14121 turns).

SnakkuSnakku7 the Nimble (Merfolk Reaver)          Turns: 14121, Time: 00:27:51

HP:   -8/110 (119)  AC:  9    Str: 12    XL:     14   Next: 18%
MP:   24/24         EV: 25    Int: 13    God:    Lugonu [******]
Gold: 531           SH:  0    Dex: 17    Spells: 17/17 levels left

rFire   x . .        a - +0 great sword
rCold   + + .        (shield currently unavailable)
rNeg    . . .        R - +0 troll leather armour
rPois   .            O - +2 hat {SInv}
rElec   .            Q - +1 cloak {rC+}
rCorr   .            (no gloves)
SInv    +            A - +0 pair of boots
Will    +....        (no amulet)
Stlth   +            k - +5 ring of evasion
HPRegen 1.18/turn    s - ring of ice
MPRegen 0.19/turn

%: no passive effects
@: slowed, drained, very slow
A: (nimble swimmer 2), mertail
a: Renounce Religion, Depart the Abyss, Banish, Corrupt, Enter the Abyss, Brand
Weapon With Distortion


You were in an ice cave.
You worshipped Lugonu.
Lugonu was exalted by your worship.
You visited 2 branches of the dungeon, and saw 14 of its levels.
You also visited: Ice Cave.

You collected 883 gold pieces.
You spent 352 gold pieces at shops.

Inventory:

Hand Weapons
 a - a +0 great sword (weapon)
 N - a +0 scimitar
 T - a +3 long sword
Missiles
 p - 26 poisoned darts (quivered)
 t - 14 javelins
 M - 4 throwing nets
Armour
 A - a +0 pair of boots (worn)
 H - +0 steam dragon scales
 O - a +2 hat of see invisible (worn)
 Q - a +1 cloak of cold resistance (worn)
 R - a +0 troll leather armour (worn)
Jewellery
 k - a +5 ring of evasion (left hand)
 o - a +6 ring of dexterity
 s - a ring of ice (right hand)
 C - a ring of resist corrosion
Wands
 c - a wand of roots (3)
 q - a wand of light (11)
 w - a wand of flame (23)
 P - a wand of paralysis (3)
Scrolls
 d - 4 scrolls of enchant weapon
 e - a scroll of enchant armour {unknown}
 h - a scroll of magic mapping {unknown}
 i - 5 scrolls of teleportation
 y - a scroll of fog
 z - a scroll of blinking {unknown}
 B - a scroll of butterflies
 G - a scroll of silence {unknown}
 I - a scroll of brand weapon {unknown}
 K - 2 scrolls of immolation
 U - a scroll of acquirement {unknown}
Potions
 b - a potion of ambrosia
 g - 3 potions of mutation
 j - a potion of cancellation
 l - 6 potions of curing
 m - 2 potions of haste
 r - 2 potions of magic
 v - 4 potions of berserk rage {unknown}
 x - 4 potions of invisibility {unknown}
 D - a potion of attraction
 E - 2 potions of lignification
 F - 2 potions of resistance
 J - a potion of might
 L - 3 potions of brilliance {unknown}


   Skills:
 - Level 13.7 Fighting
 - Level 14.0 Long Blades
 - Level 4.0 Throwing
 - Level 14.4 Dodging
 - Level 2.0 Spellcasting
 - Level 2.4 Conjurations
 - Level 14.0 Invocations
 + Level 4.6 Evocations


You had 17 spell levels left.
You didn't know any spells.
Your spell library contained the following spells:

 Spells                   Type           Power      Damage    Failure   Level
 Kiss of Death            Conj/Necr      16%        2d6       21%         1
 Momentum Strike          Conj/Tloc      8%         3d8       30%         2
 Apportation              Tloc           2%         N/A       32%         1
 Cigotuvi's Dreadful Rot  Necr/Pois/Air  2%         N/A       43%         2
 Hailstorm                Conj/Ice       6%         3d4       52%         3
 Gell's Gravitas          Tloc           1%         N/A       67%         3
 Ignite Poison            Fire/Tmut/Pois 1%         N/A       67%         3
 Teleport Other           Tloc           1%         N/A       67%         3
 Vhi's Electric Charge    Tloc/Air       2%         N/A       67%         3
 Arcjolt                  Conj/Air       2%         1d12      99%         5
 Alistair's Intoxication  Tmut/Pois      0%         N/A       100%        5
 Freezing Cloud           Conj/Ice/Air   2%         6-21      100%        5
 Conjure Ball Lightning   Conj/Air       2%         3x3d6     100%        6
 Dispersal                Tloc           0%         N/A       100%        6
 Plasma Beam              Fire/Air       0%         2x1d11    100%        6
 Discord                  Hex            0%         N/A       100%        8
 Disjunction              Tloc           0%         N/A       100%        8


Dungeon Overview and Level Annotations

Branches:
Dungeon (10/15)            Temple (0/1) D:6            Lair (4/5) D:9
 Shoals (0/4) Lair:3        Snake (0/4) Lair:2          Orc (0/2) D:10
  IceCv (1/1)
  Slime: Lair:4-5

Altars:
Ashenzari
Dithmenos
Okawaru
Ru
Sif Muna
The Shining One
Lugonu

Shops:
D:3 *   D:7 !   D:10 [

Annotations:
D:3 2 transporters, themargong's ghost, weakling DrCj
Lair:2 3 runed translucent doors, PerfectTommy's ghost, journeyman MiFi
Lair:3 exclusion: oklob plant


Innate Abilities, Weirdness & Mutations

((You are very nimble when in or above water. (Stealth+, EV+, Speed+++)))
Your lower body shifts to a powerful aquatic tail in water.


Message History

The necromancer binds the souls of nearby monsters.
The ice devil barely misses you. The ice devil attacks as you move away!
The ice devil completely misses you. x2
The ice devil closely misses you. The ice devil attacks as you move away!
The ice devil completely misses you.
The necromancer attacks as you move away!
The necromancer misses you.
You are engulfed in freezing vapours.
You resist.
The necromancer points at you and mumbles some strange words.
The bolt of negative energy hits the ice devil.
The ice devil completely resists.
The bolt of negative energy hits you!
You feel drained.
* * * LOW HITPOINT WARNING * * *
The ice devil completely misses you.
Okay, then.
The ice devil attacks as you move away! The ice devil closely misses you.
You are engulfed in freezing vapours.
You resist.
* * * LOW HITPOINT WARNING * * *
The necromancer casts a spell at you.
The bolt of negative energy hits the ice devil.
The ice devil completely resists.
The bolt of negative energy misses you.
You are engulfed in freezing vapours.
You resist.
* * * LOW HITPOINT WARNING * * *
The necromancer casts a spell.
The necromancer binds the souls of nearby monsters.
The ice devil hits you.
* * * LOW HITPOINT WARNING * * *
The ice devil freezes you. You resist.
* * * LOW HITPOINT WARNING * * *
You feel much better.
You are engulfed in freezing vapours.
You resist.
* * * LOW HITPOINT WARNING * * *
The sentinel's mark upon you fades away.
The ice devil completely misses you.
The necromancer gestures at you while chanting.
The bolt of negative energy hits the ice devil.
The ice devil completely resists.
The bolt of negative energy hits the ice devil.
The ice devil completely resists.
The bolt of negative energy hits you!!!
You feel drained.
You die...

4#####..#4..# #.......#
## ####p.## #...∩...#
##..#########.....##
###...####.§.###...##
####.....4.#p#§..##...##
#[[.......ZZ44§§§§##...#
#[).........##§°§###...#
###8........##§4☼☼#...##
# ##........###§@§§☼.##
###.....###..##§##§.##
.#..########..#####..##
...## ###...## ##..#
#.## ###....##
####..#### ### ##....###
##.#....#.## ###...###
##..........## ###...###
##............# #...###
####.............#


You could see 3 ice devils and a necromancer.

Vanquished Creatures
  Gastronok (D:9)
  Harold (Lair:2)
  A hydra (D:10)
  8 death yaks (D:9)
  8 elephants (Lair:4)
  An ice statue (IceCv)
  2 black mambas
  Joseph (D:7)
  11 cane toads
  2 rime drakes
  An anaconda simulacrum (IceCv)
  2 freezing wraiths (IceCv)
  5 komodo dragons
  11 ice devils
  3 polar bears
  A troll (D:10)
  Grinder (D:4)
  A hornet (D:10)
  Prince Ribbit (D:5)
  4 dream sheep (Lair:4)
  13 blink frogs
  3 dire elephant simulacra (IceCv)
  A wyvern (D:9)
  35 yaks
  3 steam dragons
  2 basilisks
  4 death yak simulacra (IceCv)
  4 harpy simulacra (IceCv)
  A hydra simulacrum (IceCv)
  A naga (Lair:2)
  An acid dragon (D:10)
  5 water moccasins
  7 orc warriors
  2 sky beasts
  2 black bears
  3 ice beasts
  11 wolves
  13 centaurs
  A phantom (D:5)
  3 kobold brigands
  7 bullfrogs
  A gnoll sergeant (D:7)
  7 scorpions
  A two-headed ogre simulacrum (IceCv)
  6 cane toad simulacra (IceCv)
  13 wights
  2 elephant simulacra (IceCv)
  8 killer bees
  4 howler monkeys
  An electric eel (D:7)
  2 hounds
  Crazy Yiuf (D:3)
  6 orc priests
  2 iguanas (D:6)
  11 orc wizards
  5 hell rats (Lair:3)
  A troll simulacrum (IceCv)
  2 polar bear simulacra (IceCv)
  2 wolf simulacra (IceCv)
  3 gnolls (D:2)
  5 adders
  A shadow imp (D:8)
  2 white imps (IceCv)
  2 ufetubi (IceCv)
  A worm (D:3)
  3 dart slugs
  36 orcs
  5 ball pythons
  7 endoplasms
  A giant cockroach (D:1)
  8 goblins
  9 hobgoblins
  8 jackals
  26 kobolds
  7 quokkas
  2 bats (D:3)
  4 rats
393 creatures vanquished.

Vanquished Creatures (others)
  An orc wizard (D:10)
  An orc (D:7)
  18 fungi
  39 plants
59 creatures vanquished.

Grand Total: 452 creatures vanquished

Notes
Turn   | Place    | Note
-------+----------+-------------------------------------------
     0 | D:1      | SnakkuSnakku7 the Merfolk Reaver began the quest for the
                  | Orb.
     0 | D:1      | Reached XP level 1. HP: 16/16 MP: 3/3
   262 | D:1      | Reached XP level 2. HP: 21/23 MP: 5/5
   554 | D:1      | Found a faded altar of an unknown god.
   557 | D:1      | Prayed at the altar of an unknown god.
   557 | D:1      | Became a worshipper of Lugonu the Unformed
   557 | D:1      | Reached * piety under Lugonu
   755 | D:2      | Reached XP level 3. HP: 28/28 MP: 6/6
   775 | D:2      | Reached skill level 1 in Throwing
   854 | D:2      | You fall into a shaft and drop 2 floors!
   989 | D:3      | Found Reiminot's Assorted Antiques.
  1033 | D:3      | Bought a metallic puce potion for 25 gold pieces
  1033 | D:3      | Bought a dark potion for 25 gold pieces
  1110 | D:2      | Reached XP level 4. HP: 34/34 MP: 7/7
  1127 | D:2      | Found a broken altar of Ashenzari.
  1257 | D:2      | Reached ** piety under Lugonu
  1378 | D:2      | Reached skill level 5 in Long Blades
  2055 | D:3      | Reached XP level 5. HP: 40/40 MP: 8/8
  2215 | D:3      | Found a transporter.
  2217 | D:3      | Noticed themargong's ghost (weakling DrCj)
  2280 | D:3      | Found a runed translucent door.
  2281 | D:3      | Noticed Crazy Yiuf
  2287 | D:3      | Killed Crazy Yiuf
  2842 | D:3      | Found a transporter.
  2943 | D:3      | Bought a metallic ruby potion for 25 gold pieces
  2943 | D:3      | Bought a scroll labelled FAYMPY XAMASM for 28 gold pieces
  3228 | D:4      | Noticed Grinder
  3239 | D:4      | Killed Grinder
  3240 | D:4      | Reached XP level 6. HP: 34/46 MP: 9/9
  3240 | D:4      | Reached XP level 7. HP: 38/51 MP: 10/10
  3467 | D:4      | Found a shimmering blue altar of Sif Muna.
  3467 | D:4      | Found an iron altar of Okawaru.
  3672 | D:3      | Bought a scroll labelled QEJ IGHOCARUL for 28 gold pieces
  3691 | D:5      | Entered Level 5 of the Dungeon
  3787 | D:5      | Reached *** piety under Lugonu
  4090 | D:5      | Noticed Prince Ribbit
  4107 | D:5      | Killed Prince Ribbit
  4416 | D:6      | Reached XP level 8. HP: 51/61 MP: 11/11
  4492 | D:6      | Found a staircase to the Ecumenical Temple.
  4505 | D:6      | Reached skill level 5 in Fighting
  5155 | D:6      | Reached skill level 10 in Long Blades
  5516 | D:6      | Reached XP level 9. HP: 86/86 MP: 12/12
  5554 | D:7      | Found a sacrificial altar of Ru.
  5557 | D:7      | Found a shadowy altar of Dithmenos.
  5578 | D:7      | Reached XP level 10. HP: 93/93 MP: 13/13
  5770 | D:7      | Identified the +1 leather armour "Coloduw" {rPois Str-3
                  | Dex+2}
  5819 | D:7      | Reached **** piety under Lugonu
  5968 | D:7      | Found Fufauvav's Distillery.
  5990 | D:7      | Bought a potion of heal wounds for 65 gold pieces
  5990 | D:7      | Bought a potion of heal wounds for 65 gold pieces
  5990 | D:7      | Bought a potion of might for 52 gold pieces
  5990 | D:7      | Bought a potion of curing for 39 gold pieces
  6216 | D:7      | Noticed Joseph
  6239 | D:7      | Killed Joseph
  7898 | D:9      | Reached XP level 11. HP: 78/99 MP: 14/14
  8204 | D:9      | Reached ***** piety under Lugonu
  8240 | D:9      | Noticed Gastronok
  8256 | D:9      | Killed Gastronok
  8426 | D:9      | Noticed a death yak
  8453 | D:9      | Killed a death yak
  8512 | D:9      | Noticed a death yak
  8513 | D:9      | Found a staircase to the Lair.
  8513 | D:9      | Noticed a death yak
  8513 | D:9      | Noticed a death yak
  8513 | D:9      | Noticed a death yak
  8547 | D:9      | Killed a death yak
  8675 | D:9      | Noticed a death yak
  8677 | D:9      | Noticed a death yak
  8681 | D:9      | Noticed a death yak
  8707 | D:9      | Killed a death yak
  8710 | D:9      | Reached skill level 10 in Dodging
  8760 | D:9      | Killed a death yak
  8769 | D:9      | Killed a death yak
  8897 | D:9      | Killed a death yak
  8904 | D:9      | Killed a death yak
  8925 | D:9      | Killed a death yak
  8926 | D:9      | Reached XP level 12. HP: 47/106 MP: 15/15
  9507 | D:9      | Found a glowing golden altar of the Shining One.
  9507 | D:9      | Found a broken altar of Ashenzari.
  9544 | D:10     | Entered Level 10 of the Dungeon
  9576 | D:10     | Reached skill level 1 in Invocations
  9659 | D:10     | Found Jekicos's Armour Emporium.
  9660 | D:10     | Found a staircase to the Orcish Mines.
  9826 | D:10     | Noticed an eight-headed hydra
  9969 | D:10     | Killed a nine-headed hydra
  9970 | D:10     | Reached skill level 5 in Invocations
 10373 | Lair:1   | Entered Level 1 of the Lair of Beasts
 10902 | Lair:2   | Noticed a four-headed hydra
 10902 | Lair:2   | Noticed an eight-headed hydra
 10994 | Lair:2   | Found a runed translucent gate.
 10994 | Lair:2   | Found a runed translucent gate.
 10994 | Lair:2   | Found a runed translucent gate.
 11136 | Lair:2   | Noticed PerfectTommy's ghost (journeyman MiFi)
 11200 | Lair:2   | Noticed Harold
 11209 | Lair:2   | Killed Harold
 11210 | Lair:2   | Reached skill level 10 in Invocations
 11243 | Lair:2   | Found a staircase to the Snake Pit.
 11253 | Lair:2   | Reached XP level 13. HP: 104/112 MP: 20/20
 11887 | Lair:3   | Found a staircase to the Shoals.
 13051 | Lair:4   | Found a frozen archway.
 13073 | IceCv    | Entered an ice cave
 13412 | IceCv    | Reached XP level 14. HP: 97/119 MP: 24/24
 13466 | IceCv    | Reached skill level 1 in Evocations
 13496 | IceCv    | Reached ****** piety under Lugonu
 13673 | IceCv    | Found an ancient bone altar of Kikubaaqudgha.
 14121 | IceCv    | Killed from afar by a necromancer

Illustrated notes

Levels and vault maps discovered:
D:1:      erik_arrival_blinker_ship, layout_loops_ring,
          shapermc_ecumenical_altar_mp_vishouse,
          amcnicky_mini_rare_corridor_liquid
D:2:      layout_basic, basic_altar
D:3:      layout_basic, serial_shops, nicolae_shop_competitors_out_of_business,
          gammafunk_ghost_mausoleum, st_stairs_3, uniq_crazy_yiuf_cottage
D:4:      layout_basic, gammafunk_temple_overflow_pools,
          kennysheep_generic_room_16, uniq_grinder
D:5:      layout_basic, uniq_prince_ribbit1
D:6:      layout_basic, minmay_temple_entry_tees
D:7:      layout_rooms, nicolae_overflow_squiral, serial_shops, shop,
          minivault_24, minmay_bent, uniq_joseph
D:8:      layout_basic, centaur_isle
D:9:      layout_loops_cross, gammafunk_temple_overflow_wave,
          dpeg_lair_monsters, roderic_roman_lattice, kennysheep_generic_room_8,
          uniq_gastronok
D:10:     layout_irregular_city, orc_david_3, minmay_misc_feat_cross
Lair:1:   layout_gridlike
Lair:2:   layout_hall_layers, guppyfry_snake_entry_island, gammafunk_ghost_icy,
          uniq_harold
Lair:3:   layout_cave_pods, minmay_shoals_entry_centaurs, serial_bayou_crossing
Lair:4:   layout_loops_ring, portal_ice_cave_demonic_guard, serial_bayou_ford_a
IceCv:    ice_cave_small_necro

Skill      XL: |  1  2  3  4  5  6  7  8  9 10 11 12 13 14 |
---------------+-------------------------------------------+-----
Long Blades    | 4 5 7 8 11 14 | 14.0
Throwing       | 1 2 4 |  4.0
Fighting       | 4 13 | 13.7
Dodging        | 3 12 13 14 | 14.4
Invocations    | 10 14 | 14.0
Evocations     | 4 |  4.6
Spellcasting   | |  2.0
Conjurations   | |  2.4

Action                     |  1- 3 |  4- 6 |  7- 9 | 10-12 | 13-15 || total
---------------------------+-------+-------+-------+-------+-------++-------
  Melee: Falchion          |   105 |   108 |   165 |   161 |       ||   539
         Punch             |     3 |     3 |       |     1 |       ||     7
         Scimitar          |       |       |       |    37 |       ||    37
         Great sword       |       |       |       |   465 |   571 ||  1036
         Tailslap          |       |       |       |    12 |       ||    12
  Throw: Dart              |     2 |     5 |    23 |    43 |       ||    73
         Throwing net      |       |     1 |       |       |     1 ||     2
         Javelin           |       |       |       |     2 |       ||     2
 Invoke: Banish            |       |       |       |       |     6 ||     6
  Evoke: Wand              |       |     4 |     5 |     9 |     8 ||    26
    Use: Scroll            |       |     3 |     2 |     5 |     9 ||    19
         Potion            |       |       |     3 |     3 |     5 ||    11
   Stab: Sleeping          |       |     2 |     4 |     5 |     1 ||    12
         Invisible         |       |     1 |       |     2 |       ||     3
         Distracted        |       |       |     1 |       |       ||     1
 Armour: Ring mail         |    37 |    29 |    22 |       |       ||    88
         Leather armour    |     1 |       |       |       |       ||     1
         Steam dragon scal |       |       |     8 |   112 |       ||   120
         Troll leather arm |       |       |       |    18 |   123 ||   141
  Dodge: Dodged            |    77 |    91 |    97 |   707 |   989 ||  1961
